 Dungeon Crawl Stone Soup version 0.31-a0-115-g4708a659fe (webtiles) character file.

Game seed: 15313783147623409265

3262 kae the Transmogrifier (level 9, -1/90 HPs)
             Began as a Black Draconian Transmuter on May 29, 2023.
             Was a Believer of Ru.
             Slain by a two-headed ogre
             ... wielding a +0 giant spiked club
              (6 damage)
             ... on level 6 of the Dungeon.
             The game lasted 00:08:20 (6693 turns).

kae the Transmogrifier (Black Draconian Transmuter) Turns: 6693, Time: 00:08:21

Health: -1/90      AC:  8    Str: 18    XL:     9   Next: 68%
Magic:  23/26      EV: 10    Int: 19    God:    Ru [**....]
Gold:   99         SH:  5    Dex: 11    Spells: 8/18 levels left

rFire   x .          .
                       - Unarmed
rCold   + + +        (shield currently unavailable)
rNeg    . . .        (body armour unavailable)
rPois   +            (helmet currently unavailable)
rElec   .            (cloak currently unavailable)
rCorr   .            (gloves currently unavailable)
SInv    .            (boots currently unavailable)
Will    .....        c - amulet of reflection
Stlth   +            S - +6 ring of strength
HPRegen 0.35/turn    W - ring of magical power
MPRegen 0.20/turn

%: reflection
@: ice-form, wereblooded, unable to drink
A: freezing attack, amphibious, boosted hp, (breathe lightning), AC +7, large,
unfitting armour, (electricity resistance), (cold-blooded), inability to drink
after injury 2, no fire magic, no hexes magic, no summoning magic
a: End Transformation, Renounce Religion


You were on level 6 of the Dungeon.
You worshipped Ru.
Ru was pleased with you.
You were a creature of crystalline ice.
You visited 1 branch of the dungeon, and saw 7 of its levels.
You also visited: Sewer and Ossuary.

You collected 221 gold pieces.
You spent 122 gold pieces at shops.


Innate Abilities, Weirdness & Mutations

You are a creature of crystalline ice.
You have a powerful freezing melee attack.
You are amphibious.
Your maximum health is increased.
Your armour is entirely melded.
You are incapable of wielding weapons or throwing items.
((You can breathe wild blasts of lightning.))
((Your glossy black scales are hard. (AC +7)))
You cannot fit into any form of body armour.
((You are resistant to electric shocks. (rElec)))
((You are cold-blooded and may be slowed by cold attacks.))
You sometimes lose the ability to drink potions when taking damage.
You cannot study or cast Fire magic.
You cannot study or cast Hexes magic.
You cannot study or cast Summoning magic.


   Skills:
 + Level 5.8 Fighting
 - Level 1.7 Dodging
 + Level 5.8 Unarmed Combat
 + Level 5.3 Spellcasting
 * Level 8.1 Transmutations
 - Level 6.0 Ice Magic
 - Level 2.0 Poison Magic


You had 8 spell levels left.
You knew the following spells:

 Your Spells              Type           Power      Damage    Failure   Level
a - Beastly Appendage     Tmut           72%        N/A       1%          1
b - Wereblood             Tmut           36%        N/A       1%          2
c - Spider Form           Tmut/Pois      24%        N/A       4%          3
d - Ice Form              Ice/Tmut       31%        N/A       6%          4

Your spell library contained the following spells:

 Spells                   Type           Power      Damage    Failure   Level
 Dragon Form              Tmut           18%        N/A       98%         7
 Ensorcelled Hibernation  Hex/Ice        Unusable   N/A       N/A         2
 Anguish                  Hex/Necr       Unusable   N/A       N/A         4
 Cause Fear               Hex            Unusable   N/A       N/A         4
 Dragon's Call            Summ           Unusable   N/A       N/A         9

Inventory:

Missiles
 b - 2 boomerangs
 g - 36 stones
 h - 12 poisoned darts
 i - 6 silver javelins
Magical Staves
 r - a staff of fire {!a}
   (You found it on level 6 of the Dungeon)
Jewellery
 c - an amulet of reflection (around neck)
   (You found it on level 1 of the Dungeon)
 G - an amulet of guardian spirit
   (You found it in a sewer)
 S - a +6 ring of strength (left front paw)
   (You found it on level 4 of the Dungeon)
 W - a ring of magical power (right front paw)
   (You found it in an ossuary)
Scrolls
 j - 3 scrolls of enchant armour
 q - 3 scrolls of teleportation {@r4}
 s - a scroll of silence {!r}
 t - a scroll of immolation {!r!r}
Potions
 a - a potion of lignification {!q}
 d - a potion of curing {@q1}
 e - 2 potions of haste {@q3}
 f - a potion of invisibility
 k - 2 potions of heal wounds {unknown}
 l - 3 potions of cancellation {unknown}
 m - 4 potions of enlightenment {unknown}
 n - 2 potions of degeneration {unknown}
 o - 3 potions of might
 p - 2 potions of magic {unknown}

Dungeon Overview and Level Annotations

Branches:
Dungeon (7/15) Zot: 26602  Temple (0/1) D:4           Sewer (visited)
Ossuary (visited)

Altars:
Hepliaklqana
Kikubaaqudgha
Qazlal
Ru
Xom

Shops:
D:3 * D:5

* ........#######
........# #### ........#
.).# ....s...# ...#
....O...# ...# .....{.s#
...# ./....[s#
##'##############O#
.......8#.......Y.#
........#.........#
........#)........#######
........'†.)......#.....#
#######################.#
.......###.####.# #.#
.....#..........# ###.##
#......###.###### #.<..#
....######'## #.#..#####


You could see a two-headed ogre and 2 scorpions.


Message History

The centaur barely misses you. The troll bites you but does no damage.
The troll barely misses you. x2 😕 HP[-2]
You take 2 damage, and now have 79/88 hp.
You barely miss the troll.
The centaur hits you but does no damage.
The centaur kicks you but does no damage.
The troll bites you. The troll claws you!
The troll claws you but does no damage.
You punch the troll! You freeze the troll. You block the centaur's attack.
The centaur kicks you but does no damage.
The centaur misses you. You block the centaur's attack.
You redirect the troll's attack!
The troll bites the scorpion but does no damage.
The troll claws the scorpion!
The troll completely misses the scorpion.
The howler monkey begins to attack, but is stunned by your conviction! 😕 HP[-9]
You take 9 damage, and now have 70/88 hp.
You barely miss the troll.
The centaur is stunned by your conviction and fails to attack. 😕 MP[+1]
You punch the troll! You freeze the troll. The centaur hits you.
The centaur barely misses you. The troll bites you! The troll claws you!
You feel threatened and lose the ability to drink potions!
The troll claws you but does no damage. 😮 HP[-20]
You take 20 damage, and now have 50/88 hp.
MASSIVE DAMAGE!! (PAUSE)
You punch the troll! You freeze the troll.
You feel a bit better.
You kill the troll!
The troll leather armour is intact enough to wear.
You block the centaur's attack. The centaur completely misses you.
The centaur hits you but does no damage.
The centaur completely misses you.
The howler monkey hoots and howls with incredible vigour! 😮 HP[+4]
You now have 90 max hp (+2).
You regained 4 hp, and now have 54/90 hp.
The centaur attacks as you move away! The centaur closely misses you.
The centaur barely misses you.
The centaur wields a +0 orcbow.
The centaur shoots an arrow.
The arrow barely misses you. 😮 HP[+1]
You pummel the acid dragon!! You freeze the acid dragon!
You feel a bit better.
You kill the acid dragon!
Your Transmutations skill increases to level 8! 😮 HP[+3]
You regained 3 hp, and now have 58/90 hp.
You hit the centaur. You freeze the centaur.
The centaur unwields a +0 orcbow.
The centaur hits you but does no damage.
The centaur closely misses you. The centaur hits you.
The centaur kicks you but does no damage. 😮 HP[-4]
You take 4 damage, and now have 54/90 hp.
Unknown command.
You punch the centaur! You freeze the centaur.
The centaur hits you but does no damage.
You block the centaur's attack. 😮 MP[+1]
You hit the centaur. You freeze the centaur. You block the centaur's attack.
The centaur closely misses you. 😮 HP[+1]
You punch the centaur! You freeze the centaur.
You feel a bit better.
You kill the centaur!
The scorpion barely misses you. 😮 HP[+3]
You regained 3 hp, and now have 58/90 hp.
Unknown command.
You hit the scorpion. You freeze the scorpion.
You can drink potions again.
You hit the two-headed ogre.
You freeze the two-headed ogre. 😮 HP[+1]
You completely miss the two-headed ogre.
You are too injured to fight recklessly!
You are too injured to fight recklessly!
You are too injured to fight recklessly!
You are too injured to fight recklessly!
You hit the two-headed ogre but do no damage.
The two-headed ogre hits you with a +0 giant spiked club!
You feel threatened and lose the ability to drink potions!
The two-headed ogre hits you with a +0 dire flail!
* * * LOW HITPOINT WARNING * * *
😨 HP[-30] MP[+1]
You take 30 damage, and now have 29/90 hp.
MASSIVE DAMAGE!! (PAUSE)
You hit the two-headed ogre but do no damage.
The two-headed ogre hits you with a +0 giant spiked club!
* * * LOW HITPOINT WARNING * * *
The two-headed ogre hits you with a +0 dire flail!
* * * LOW HITPOINT WARNING * * *
😱 HP[-24]
You take 24 damage, and now have 5/90 hp.
MASSIVE DAMAGE!! (PAUSE)
You punch the two-headed ogre! You freeze the two-headed ogre.
You cannot drink potions in your current state!
Unknown command.
You punch the two-headed ogre! You freeze the two-headed ogre.
You block the two-headed ogre's attack.
The two-headed ogre hits you with a +0 dire flail.
You die...

Skill      XL: |  1  2  3  4  5  6  7  8  9 |
---------------+----------------------------+-----
Transmutations | 3 4 5 7 8 |  8.1
Poison Magic   | 1 2 |  2.0
Spellcasting   | 3 4 5 |  5.3
Ice Magic      | 1 2 3 5 6 |  6.0
Fighting       | 2 3 4 5 |  5.8
Unarmed Combat | 4 5 |  5.8
Dodging        | |  1.7

Action                     |  1- 3 |  4- 6 |  7- 9 || total
---------------------------+-------+-------+-------++-------
  Melee: Unarmed           |    88 |   165 |   233 ||   486
         Headbutt          |     6 |     3 |       ||     9
         Tailslap          |    10 |     8 |     2 ||    20
         Kick              |    19 |     6 |       ||    25
         Punch             |     1 |     1 |       ||     2
   Cast: Beastly Appendage |    21 |    11 |       ||    32
         Spider Form       |       |    14 |     4 ||    18
         Wereblood         |       |     2 |     8 ||    10
         Ice Form          |       |     1 |    18 ||    19
 Invoke: Sacrifice Drink   |       |     1 |       ||     1
         Sacrifice Arcana  |       |       |     1 ||     1
    Use: Scroll            |     1 |     6 |     5 ||    12
         Potion            |       |     1 |     1 ||     2
   Stab: Invisible         |       |       |     2 ||     2
 Armour: Skin              |    23 |    38 |   105 ||   166
  Dodge: Dodged            |    42 |   155 |   118 ||   315
  Block: Other             |    14 |    44 |    56 ||   114
         Reflection        |       |     2 |       ||     2

Levels and vault maps discovered:
D:1:      amcnicky_arrival_wind_blow, layout_rooms, minivault_27,
          serial_bayou_lake_a
D:2:      layout_basic, basic_altar, shapermc_ecumenical_altar_mp_vishouse,
          uniq_sigmund
D:3:      layout_basic, serial_shops, shop, minivault_11
D:4:      layout_basic, minmay_temple_entry_glass, portal_sewer_entry_b,
          kennysheep_generic_room_5
D:5:      layout_basic, chequers_temple_overflow_statue_of_worship,
          nicolae_hepliaklqana_hippocampus, serial_shops, shop, uniq_eustachio
D:6:      minmay_klotski, layout_loops_corners, chequers_ossuary_entry_cave,
          kb_lookout_dungeons_type
D:7:      layout_loops_ring, skrybe_limestone_x

Notes
Turn   | Place    | Note
-------+----------+-------------------------------------------
     0 | D:1      | kae the Draconian Transmuter began the quest for the Orb.
     0 | D:1      | Reached XP level 1. HP: 16/16 MP: 3/3
     0 | D:1      | magus.rc [v1.11.3]
    64 | D:1      | Reached XP level 2. HP: 15/23 MP: 3/5
   243 | D:1      | Reached skill level 3 in Transmutations
   362 | D:1      | Reached XP level 3. HP: 17/28 MP: 4/6
   365 | D:1      | Learned a level 2 spell: Wereblood
   369 | D:1      | Learned a level 3 spell: Spider Form
   840 | D:2      | Noticed Sigmund
  1061 | D:2      | Found a sacrificial altar of Ru.
  1161 | D:2      | Found a faded altar of an unknown god.
  1245 | D:2      | Became a worshipper of Ru the Awakened
  1347 | D:2      | Reached skill level 1 in Poison Magic
  1373 | D:2      | Reached XP level 4. HP: 32/35 MP: 8/8
  1801 | D:3      | You pick up a book of Changes and begin reading...
  2014 | D:3      | Found Raeph's Assorted Antiques.
  2019 | D:3      | Bought an inky potion for 22 gold pieces
  2019 | D:3      | Bought a pink potion for 22 gold pieces
  2019 | D:3      | Bought a white potion for 22 gold pieces
  2175 | D:3      | Reached skill level 3 in Spellcasting
  2175 | D:3      | Reached skill level 4 in Transmutations
  2175 | D:3      | Reached skill level 2 in Poison Magic
  2175 | D:3      | Reached XP level 5. HP: 32/40 MP: 5/9
  2326 | D:3      | You pick up a book of Dreams and begin reading...
  2326 | D:3      | You add the spells Ensorcelled Hibernation and Anguish to
                  | your library.
  2351 | D:3      | Learned a level 4 spell: Ice Form
  2457 | D:4      | Noticed a black bear
  2472 | D:4      | Killed a black bear
  2473 | D:4      | Reached skill level 1 in Ice Magic
  2513 | D:4      | Reached XP level 6. HP: 26/48 MP: 6/10
  2561 | D:4      | Found a glowing drain.
  2577 | D:4      | Gained mutation: You occasionally lose the ability to drink
                  | potions when taking damage. [Ru sacrifice]
  2577 | D:4      | Gained mutation: You sometimes lose the ability to drink
                  | potions when taking damage. [Ru sacrifice]
  2577 | D:4      | Reached * piety under Ru
  2579 | D:4      | HP: 12/48 [giant cockroach (1)]
  2591 | D:4      | Reached skill level 2 in Ice Magic
  2613 | Sewer    | Entered a sewer
  2769 | Sewer    | Noticed a water moccasin
  2779 | Sewer    | Killed a water moccasin
  2780 | Sewer    | Reached skill level 2 in Fighting
  2780 | Sewer    | Reached skill level 5 in Transmutations
  2929 | D:4      | Identified the +3 sling "Noisuke" {antimagic, rN+ Str+4}
  3211 | D:4      | Found a staircase to the Ecumenical Temple.
  3542 | D:4      | Your scales start taking on a glossy black colour.
  3542 | D:4      | Reached XP level 7. HP: 54/55 MP: 9/12
  3542 | D:4      | Gained mutation: You are resistant to electric shocks.
                  | (rElec) [Black Draconian growth]
  3690 | D:2      | Found a sacrificial altar of Ru.
  3713 | D:2      | Found a faded altar of an unknown god.
  4002 | D:2      | Killed Sigmund
  4003 | D:2      | Reached skill level 3 in Ice Magic
  4252 | D:5      | Entered Level 5 of the Dungeon
  4378 | D:5      | Found Leapywn's Assorted Antiques.
  4394 | D:5      | Bought a scroll labelled LYOTIH CAOT for 28 gold pieces
  4394 | D:5      | Bought a scroll labelled LYOTIH CAOT for 28 gold pieces
  4523 | D:5      | Found a shimmering altar of Xom.
  4523 | D:5      | Found an ancient bone altar of Kikubaaqudgha.
  4549 | D:5      | Reached skill level 4 in Unarmed Combat
  4550 | D:5      | Found a stormy altar of Qazlal.
  4714 | D:5      | Noticed Eustachio
  4721 | D:5      | Killed Eustachio
  4722 | D:5      | Reached skill level 3 in Fighting
  4751 | D:5      | Reached skill level 4 in Spellcasting
  4751 | D:5      | Reached XP level 8. HP: 63/63 MP: 12/14
  4878 | D:5      | Reached skill level 6 in Transmutations
  4878 | D:5      | Reached skill level 4 in Ice Magic
  4972 | D:5      | Found a hazy altar of Hepliaklqana.
  5378 | D:6      | Found a sand-covered staircase.
  5385 | Ossuary  | Entered an ossuary
  5425 | Ossuary  | Gained mutation: You cannot study or cast Fire magic. [Ru
                  | sacrifice]
  5425 | Ossuary  | Gained mutation: You cannot study or cast Hexes magic. [Ru
                  | sacrifice]
  5425 | Ossuary  | Gained mutation: You cannot study or cast Summoning magic.
                  | [Ru sacrifice]
  5425 | Ossuary  | Reached ** piety under Ru
  5564 | Ossuary  | Reached skill level 4 in Fighting
  5587 | Ossuary  | Reached skill level 5 in Ice Magic
  5776 | D:6      | Identified a scroll of acquirement
  5776 | D:6      | Acquired a book of the Dragon
  5777 | D:6      | You pick up a book of the Dragon and begin reading...
  6140 | D:6      | Reached skill level 7 in Transmutations
  6421 | D:7      | Reached skill level 5 in Unarmed Combat
  6421 | D:7      | Reached XP level 9. HP: 72/72 MP: 16/16
  6556 | D:6      | Noticed a purple ugly thing
  6559 | D:6      | Noticed a gargoyle
  6567 | D:6      | Killed a purple ugly thing
  6571 | D:6      | Killed a gargoyle
  6572 | D:6      | Reached skill level 5 in Fighting
  6572 | D:6      | Reached skill level 5 in Spellcasting
  6572 | D:6      | Reached skill level 6 in Ice Magic
  6673 | D:6      | Noticed a troll
  6674 | D:6      | Noticed a two-headed ogre
  6680 | D:6      | Killed a troll
  6683 | D:6      | Reached skill level 8 in Transmutations
  6691 | D:6      | HP: 13/90 [two-headed ogre/+0 giant spiked club (17)]
  6691 | D:6      | HP: 5/90 [two-headed ogre/+0 giant spiked club (8)]
  6693 | D:6      | Slain by a two-headed ogre

Vanquished Creatures
  An ugly thing (D:6)
  A gargoyle (D:6)
  A troll (D:6)
  Sigmund (D:2)
  Eustachio (D:5)
  An acid dragon (D:6)
  A water moccasin (Sewer)
  An ice beast (D:6)
  An orc warrior (D:7)
  2 black bears
  4 centaurs (D:6)
  4 elf zombies (Ossuary)
  3 scorpions
  A jelly (D:5)
  3 centaur zombies (Ossuary)
  6 hounds
  3 orc priests
  A sleepcap (D:5)
  An iguana (D:3)
  2 orc wizards (D:5)
  2 mummies (Ossuary)
  2 gnolls (D:1)
  4 adders
  A river rat (D:4)
  A shadow imp (D:7)
  An ufetubus (D:5)
  3 adder zombies (Ossuary)
  2 worms
  3 dart slugs
  17 orcs
  6 ball pythons
  6 endoplasms
  4 giant cockroaches
  5 goblins
  6 hobgoblins
  9 jackals
  5 kobolds
  4 quokkas
  4 bats
  3 frilled lizards
  A goblin zombie (Ossuary)
  6 hobgoblin zombies (Ossuary)
  A jackal zombie (Ossuary)
  10 kobold zombies (Ossuary)
  8 orc zombies (Ossuary)
  4 rats
  A rat zombie (Ossuary)
158 creatures vanquished.

Table legend:
 A = Non-vault XP
 B = Vault XP
 C = Vault XP percentage of total XP
 D = Non-vault monster count
 E = Vault monster count
 F = Vault count percentage of total count
                 A         B        C        D         E       F
            +---------+---------+-------+---------+---------+-------
      Total |    1491 |    3169 |  68.0 |      96 |      62 |  39.2
            +---------+---------+-------+---------+---------+-------
        D:1 |      54 |       0 |   0.0 |      14 |       0 |   0.0
        D:2 |      46 |     231 |  83.4 |      19 |       1 |   5.0
        D:3 |     121 |       0 |   0.0 |      17 |       0 |   0.0
        D:4 |     289 |      81 |  21.9 |      18 |       9 |  33.3
        D:5 |     393 |     202 |  33.9 |      16 |       1 |   5.9
        D:6 |     444 |    1905 |  81.1 |       9 |       9 |  50.0
        D:7 |     144 |       0 |   0.0 |       3 |       0 |   0.0
      Sewer |       0 |     155 | 100.0 |       0 |       3 | 100.0
    Ossuary |       0 |     595 | 100.0 |       0 |      39 | 100.0
            +---------+---------+-------+---------+---------+-------

Skill      XL: |  1  2  3  4  5  6  7  8  9 |
---------------+----------------------------+-----
Transmutations | 3 4 5 7 8 |  8.1
Poison Magic   | 1 2 |  2.0
Spellcasting   | 3 4 5 |  5.3
Ice Magic      | 1 2 3 5 6 |  6.0
Fighting       | 2 3 4 5 |  5.8
Unarmed Combat | 4 5 |  5.8
Dodging        | |  1.7

Action                     |  1- 3 |  4- 6 |  7- 9 || total
---------------------------+-------+-------+-------++-------
  Melee: Unarmed           |    88 |   165 |   233 ||   486
         Headbutt          |     6 |     3 |       ||     9
         Tailslap          |    10 |     8 |     2 ||    20
         Kick              |    19 |     6 |       ||    25
         Punch             |     1 |     1 |       ||     2
   Cast: Beastly Appendage |    21 |    11 |       ||    32
         Spider Form       |       |    14 |     4 ||    18
         Wereblood         |       |     2 |     8 ||    10
         Ice Form          |       |     1 |    18 ||    19
 Invoke: Sacrifice Drink   |       |     1 |       ||     1
         Sacrifice Arcana  |       |       |     1 ||     1
    Use: Scroll            |     1 |     6 |     5 ||    12
         Potion            |       |     1 |     1 ||     2
   Stab: Invisible         |       |       |     2 ||     2
 Armour: Skin              |    23 |    38 |   105 ||   166
  Dodge: Dodged            |    42 |   155 |   118 ||   315
  Block: Other             |    14 |    44 |    56 ||   114
         Reflection        |       |     2 |       ||     2

Illustrated notes

Table legend:
 A = Kills in this place as a percentage of kills in the entire game.
 B = Kills by you in this place as a percentage of kills by you in the entire game.
 C = Kills by friends in this place as a percentage of kills by friends in the entire game.
 D = Other kills in this place as a percentage of other kills in the entire game.
 E = Experience gained in this place as a percentage of experience gained in the entire game.
 F = Experience gained in this place divided by the number of levels of this place that you have seen.
                   A       B       C       D       E      F
               +-------+-------+-------+-------+-------+----------------------
         Total | 100.0 | 100.0 |   N/A |   N/A | 100.0 | 517.8
       Dungeon |  73.4 |  73.4 |   N/A |   N/A |  83.9 | 558.6
         Sewer |   1.9 |   1.9 |   N/A |   N/A |   3.3 | 155.0
       Ossuary |  24.7 |  24.7 |   N/A |   N/A |  12.8 | 595.0
               +-------+-------+-------+-------+-------+----------------------

Table legend: (Time is in decaauts)
 A = Elapsed time spent in this place.
 B = Non-inter-level travel time spent in this place.
 C = Inter-level travel time spent in this place.
 D = Time resting spent in this place.
 E = Time spent auto-exploring this place.
 F = Levels seen in this place.
 G = Mean time per level.
                   A        B        C        D        E       F      G
               +--------+--------+--------+--------+--------+-----+--------+
         Total |   6693 |   6324 |    369 |    129 |   4743 |   9 |  743.7 |
       Dungeon |   6044 |   5675 |    369 |    118 |   4329 |   7 |  863.4 |
         Sewer |    268 |    268 |      0 |      8 |    202 |   1 |  268.0 |
       Ossuary |    381 |    381 |      0 |      3 |    212 |   1 |  381.0 |
               +--------+--------+--------+--------+--------+-----+--------+

Top non-repeatable levels by time:
     D:2: 1416 daAuts
     D:6: 1103 daAuts
     D:4: 958 daAuts
     D:1: 820 daAuts
     D:3: 809 daAuts
     D:5: 800 daAuts
 Ossuary: 381 daAuts
   Sewer: 268 daAuts
     D:7: 135 daAuts
